 Dungeon Crawl Stone Soup version 0.25-b1-46-gb8a1ec05df (webtiles) character file.

Game seed: 14833676754109786850

9648 gruber the Slinger (level 11, -13/64 HPs)
             Began as a Halfling Hunter on June 11, 2020.
             Was a High Priest of Okawaru.
             Mangled by a black mamba (17 damage)
             ... on level 1 of the Lair of Beasts.
             The game lasted 00:13:07 (10875 turns).

gruber the Slinger (Halfling Hunter)               Turns: 10875, Time: 00:13:07

Health: -13/64     AC:  8    Str: 16    XL:     11   Next: 78%
Magic:  11/11      EV: 19    Int:  9    God:    Okawaru [*****.]
Gold:   611        SH:  5    Dex: 16    Spells: 10/10 levels left

rFire    . . .     SeeInvis .   D - +12 broad axe of Omisuekk {vamp, rElec}
rCold    . . .     Gourm    .   (shield currently unavailable)
rNeg     . . .     Faith    .   G - +0 troll leather armour
rPois    .         Spirit   .   s - +1 helmet
rElec    +         Reflect  +   y - +0 cloak
rCorr    .         Harm     .   (no gloves)
MR       .....                  (no boots)
Stlth    ++........             z - amulet of reflection
HPRegen  0.60/turn              (no ring)
MPRegen  0.12/turn              (no ring)

@: lethally poisoned (-13 -> -13)
A: small, mutation resistance 1
a: Heroism, Finesse, Renounce Religion


You were on level 1 of the Lair of Beasts.
You worshipped Okawaru.
Okawaru was extremely pleased with you.
You were not hungry.

You visited 3 branches of the dungeon, and saw 13 of its levels.

You collected 611 gold pieces.

Inventory:

Hand Weapons
 l - a +2 short sword of protection
 r - a +1 hunting sling of freezing
 D - the +12 broad axe of Omisuekk (weapon) {vamp, rElec}
   (You found it on level 8 of the Dungeon)

   It inflicts no extra harm, but heals its wielder when it wounds a living foe.
   It insulates you from electricity.
Missiles
 d - 84 sling bullets
 h - 269 stones (quivered)
Armour
 c - a +0 leather armour
 s - a +1 helmet (worn)
 x - a cursed +0 buckler
 y - a +0 cloak (worn)
 G - a +0 troll leather armour (worn)
Jewellery
 z - an amulet of reflection (around neck)
Wands
 i - a wand of polymorph (9)
 m - a wand of iceblast (16)
 w - a wand of digging (5)
 I - a wand of random effects (13)
 J - a wand of acid (8)
 K - a wand of paralysis (10)
Scrolls
 b - 3 scrolls of magic mapping {unknown}
 e - 3 scrolls of blinking {unknown}
 g - 7 scrolls of teleportation
 k - 2 scrolls of enchant weapon {unknown}
 p - 5 scrolls of remove curse
 t - 2 scrolls of identify
 v - 5 scrolls of amnesia
 A - 2 scrolls of random uselessness {unknown}
 C - a scroll of noise {unknown}
 E - 2 scrolls of fear {unknown}
 F - 2 scrolls of torment {unknown}
Potions
 a - 2 potions of haste
 j - 4 potions of curing
 n - a potion of stabbing
 o - 3 potions of heal wounds
 q - 2 potions of flight
 u - 3 potions of lignification
 B - a potion of mutation
 H - a potion of might {unknown}
 L - a potion of cancellation {unknown}
Comestibles
 f - 19 rations
 M - 8 chunks of flesh


   Skills:
 - Level 1.7 Fighting
 * Level 11.9 Axes
 - Level 14.1 Slings
 - Level 6.3 Armour
 - Level 7.1 Dodging
 - Level 1.1 Stealth


You had 10 spell levels left.
You didn't know any spells.
Your spell library contained the following spells:

 Spells                   Type           Power        Failure   Level  Hunger
 Animate Skeleton         Necr           N/A          43%         1    ##.....
 Pain                     Necr           #...         43%         1    ##.....
 Vampiric Draining        Necr           #.........   82%         3    ####...
 Animate Dead             Necr           N/A          99%         4    #####..
 Agony                    Necr           #.......     100%        5    ######.


Dungeon Overview and Level Annotations

Branches:
Dungeon (11/15)            Temple (1/1) D:7            Lair (1/6) D:10
    Orc: D:9-12

Altars:
Ashenzari
Cheibriados
Dithmenos
Elyvilon
Fedhas
Gozag
Hepliaklqana
Nemelex Xobeh
Okawaru
Sif Muna
Wu Jian
Zin
The Shining One

Shops:
D:4 }   D:6 *

Annotations:
D:9 3 runed translucent doors, Nattefrost's ghost, novice FoFi; Raspi's ghost, novice MfGl
D:11 Fannar
Lair:1 Gastronok


Innate Abilities, Weirdness & Mutations

You are small and have problems with some larger weapons.
You are somewhat resistant to further mutation.


Message History

The black mamba bites you. You block the black mamba's attack.
The komodo dragon bites you! The black mamba bites you!
* * * LOW HITPOINT WARNING * * *
You are poisoned.
The black mamba poisons you!
Unknown command.
You feel sick.
Gastronok chants a spell, wobbling all the while.
The black mamba bites you but does no damage.
You feel sick.
The komodo dragon bites the fungus!!
There is a stone staircase leading down here.
You feel sick. The black mamba barely misses you.
You feel sick. The komodo dragon bites you!
* * * LOW HITPOINT WARNING * * *
The black mamba bites you but does no damage.
The black mamba misses you.
You feel sick.
You feel sick. The black mamba bites you!
You die...

#........P###. .##.##P.##.##.##
.............
................P#
.........#..#
#.###.##P##.###.##
........##P.###.#....####.##..#
.....S........................#
#..w#.###.................###.#
.†(..?.†......Y...............#
..#.#..###.PY##.####.####.....#
..........Y>Yl.S@.............#
.....###.###Y##.(###.##.P..##.#
..............................#
###.#..........####...........#
##...........####...........##
............................#
.................####..#...##
...........÷.............#
.##...##.P##.###.#.#.###.#


You could see a komodo dragon, a black mamba and 5 yaks.

Vanquished Creatures
  2 two-headed ogres
  An ugly thing (D:10)
  Joseph (D:8)
  2 spiny frogs (Lair:1)
  A gargoyle (D:11)
  2 trolls (D:10)
  A hornet (D:10)
  A meliai zombie (D:10)
  2 hippogriffs (Lair:1)
  A basilisk (Lair:1)
  A yak (Lair:1)
  A steam dragon (D:8)
  A sky beast (D:9)
  2 black bears
  3 phantoms
  11 wolves
  4 centaurs
  12 ogres
  2 crocodiles (Lair:1)
  7 bullfrogs
  A wyvern skeleton (D:6)
  A scorpion (D:6)
  7 wights
  2 electric eels (D:10)
  2 crimson imps
  2 howler monkeys (D:6)
  A bullfrog zombie (D:7)
  7 hounds
  2 jellies
  Crazy Yiuf (D:5)
  5 orc priests
  4 centaur skeletons
  3 iguanas
  3 orc wizards
  3 worker ants
  2 howler monkey zombies
  A worker ant zombie (D:6)
  19 adders
  6 gnolls
  A howler monkey skeleton (D:5)
  2 shadow imps
  An ooze (D:1)
  An adder zombie (D:8)
  An adder skeleton (D:5)
  2 worms
  3 dart slugs
  8 leopard geckos
  23 orcs
  2 ball pythons (D:1)
  8 giant cockroaches
  4 goblins
  9 hobgoblins
  7 jackals
  8 kobolds
  4 quokkas
  A ball python skeleton (D:4)
  10 bats
  6 frilled lizards
  A leopard gecko skeleton (D:4)
  2 quokka skeletons
  7 rats
241 creatures vanquished.

Notes
Turn   | Place    | Note
-------+----------+-------------------------------------------
     0 | D:1      | gruber the Halfling Hunter began the quest for the Orb.
     0 | D:1      | Reached XP level 1. HP: 14/14 MP: 1/1
    31 | D:1      | Reached skill level 6 in Slings
    46 | D:1      | Reached XP level 2. HP: 19/19 MP: 2/2
   229 | D:1      | Reached skill level 7 in Slings
   229 | D:1      | Reached XP level 3. HP: 24/24 MP: 3/3
  1036 | D:2      | Reached XP level 4. HP: 29/29 MP: 4/4
  1115 | D:2      | Reached skill level 8 in Slings
  1429 | D:2      | Reached XP level 5. HP: 34/34 MP: 5/5
  1684 | D:3      | Reached skill level 9 in Slings
  2432 | D:3      | Reached XP level 6. HP: 39/39 MP: 6/6
  2692 | D:3      | Reached skill level 10 in Slings
  2794 | D:4      | Found Uxae's Gadget Shop.
  3042 | D:3      | Reached skill level 11 in Slings
  3042 | D:3      | Reached XP level 7. HP: 16/44 MP: 7/7
  3327 | D:4      | Found a white marble altar of Elyvilon.
  3409 | D:4      | Reached skill level 12 in Slings
  3896 | D:5      | Entered Level 5 of the Dungeon
  3925 | D:5      | Reached XP level 8. HP: 49/49 MP: 8/8
  3941 | D:5      | Reached skill level 13 in Slings
  4473 | D:5      | Reached skill level 14 in Slings
  4752 | D:5      | Reached skill level 1 in Armour
  4909 | D:5      | Found a runed translucent door.
  4910 | D:5      | Noticed Crazy Yiuf
  4920 | D:5      | Killed Crazy Yiuf
  5276 | D:6      | Reached XP level 9. HP: 54/54 MP: 9/9
  5455 | D:6      | Reached skill level 5 in Armour
  5706 | D:6      | Found a glowing silver altar of Zin.
  5767 | D:6      | Found an opulent altar of Gozag.
  5770 | D:6      | Found Gozag's Platinum Reserve.
  6858 | D:7      | Found a staircase to the Ecumenical Temple.
  6868 | Temple   | Entered the Ecumenical Temple
  6874 | Temple   | Became a worshipper of Warmaster Okawaru
  7072 | D:7      | Reached skill level 5 in Dodging
  7545 | D:8      | Got a jewelled broad axe
  7547 | D:8      | Identified the +12 broad axe of Omisuekk {vamp, rElec} (You
                  | found it on level 8 of the Dungeon)
  7589 | D:8      | Noticed Joseph
  7895 | D:8      | Reached skill level 1 in Axes
  7895 | D:8      | Reached XP level 10. HP: 60/60 MP: 10/10
  7917 | D:8      | Found a hazy altar of Hepliaklqana.
  7969 | D:8      | Killed Joseph
  7969 | D:8      | Reached * piety under Okawaru
  8260 | D:8      | Reached skill level 5 in Axes
  8496 | D:8      | Found an ornate altar of the Wu Jian Council.
  8646 | D:9      | Found a shattered altar of Ashenzari.
  8834 | D:9      | Reached ** piety under Okawaru
  9166 | D:9      | Found a shimmering blue altar of Sif Muna.
  9235 | D:9      | Found a runed translucent gate.
  9236 | D:9      | Found a runed translucent gate.
  9236 | D:9      | Found a runed translucent gate.
  9237 | D:9      | Noticed Nattefrost's ghost (novice FoFi)
  9237 | D:9      | Noticed Raspi's ghost (novice MfGl)
  9424 | D:10     | Entered Level 10 of the Dungeon
  9516 | D:10     | Found a staircase to the Lair.
  9601 | D:10     | Reached *** piety under Okawaru
  9707 | D:10     | Noticed a white ugly thing
  9719 | D:10     | Killed a white ugly thing
  9719 | D:10     | Reached XP level 11. HP: 64/64 MP: 8/11
 10074 | D:10     | Reached **** piety under Okawaru
 10139 | D:10     | Noticed a two-headed ogre
 10150 | D:10     | Killed a two-headed ogre
 10150 | D:10     | Reached skill level 10 in Axes
 10307 | D:11     | Noticed a two-headed ogre
 10319 | D:11     | Killed a two-headed ogre
 10509 | D:11     | Noticed Fannar
 10649 | Lair:1   | Entered Level 1 of the Lair of Beasts
 10782 | Lair:1   | Received a gift from Okawaru
 10847 | Lair:1   | Reached ***** piety under Okawaru
 10848 | Lair:1   | Received a gift from Okawaru
 10854 | Lair:1   | Noticed Gastronok
 10875 | Lair:1   | Mangled by a black mamba

Illustrated notes

Levels and vault maps discovered:
D:1:      dpeg_arrival_tiny_k, layout_loops_cross, grunt_decor_cap,
          dk_noncrumbling_3, kennysheep_pointless_box
D:2:      layout_loops_ring
D:3:      layout_basic, first_ration, minmay_fractal_squares_diagonal_5
D:4:      layout_layer_cave, serial_shops, nicolae_shop_waterfront,
          nrook_campfire, elyvilon_altar_1
D:5:      layout_basic, uniq_crazy_yiuf_cottage
D:6:      layout_basic, kennysheep_mini, grunt_ministairs_13,
          nicolae_gozag_zags_fifth_avenue
D:7:      layout_layer_cave, minmay_temple_entry_butterflies
D:8:      layout_loops_cross, lemuel_round_altar,
          nicolae_overflow_hidden_temple, uniq_joseph
D:9:      layout_roguey, kennysheep_little_box, cheibrodos_ashenzari_chains,
          gammafunk_ghost_cemetery
D:10:     layout_loops_ring, erik_lair_island
D:11:     layout_grid_maze, david_orc_2, uniq_fannar, uniq_erolcha
Temple:   eino_temple_rhombus
Lair:1:   layout_long_grid, minmay_lair_oklob_chamber, uniq_gastronok

Skill      XL: |  1  2  3  4  5  6  7  8  9 10 11 |
---------------+----------------------------------+-----
Slings         | 6 7 8 9 11 12 14 | 14.1
Armour         | 3 6 |  6.3
Dodging        | 3 7 |  7.1
Axes           | 1 8 11 | 11.9
Fighting       | |  1.7
Stealth        | |  1.1

Action                   |  1- 3 |  4- 6 |  7- 9 | 10-12 || total
-------------------------+-------+-------+-------+-------++-------
Melee: Broad axe         |       |       |       |    89 ||    89
 Fire: Hunting sling     |   100 |   194 |   461 |   261 ||  1016
Invok: Heroism           |       |       |       |     2 ||     2
Evoke: Wand              |       |       |       |     5 ||     5
  Use: Scroll            |       |       |    12 |       ||    12
  Eat: Chunk             |       |     6 |    14 |     9 ||    29
Armor: Leather armour    |     3 |     8 |    19 |     2 ||    32
       Troll leather arm |       |       |       |    16 ||    16
Dodge: Dodged            |    16 |    25 |    54 |   141 ||   236
Block: Other             |       |       |    14 |    40 ||    54
       Reflection        |       |       |     1 |     3 ||     4
